 Dungeon Crawl Stone Soup version 0.23.0 (webtiles) character file.

Game seed: 12242085976736876751

115 Mgcat the Skirmisher (level 4, -1/42 HPs)
             Began as a Minotaur Hunter on Feb 11, 2019.
             Was a Follower of Okawaru.
             Slain by a gnoll
             ... wielding a +0 halberd
              (8 damage)
             ... on level 4 of the Dungeon.
             The game lasted 00:04:57 (2175 turns).

Mgcat the Skirmisher (Minotaur Hunter)              Turns: 2175, Time: 00:04:58

Health: -1/42      AC:  9    Str: 18    XL:     4   Next: 68%
Magic:  3/3        EV:  8    Int:  8    God:    Okawaru [*.....]
Gold:   184        SH:  0    Dex: 10    Spells: 3/3 levels left

rFire    . . .     SeeInvis .   o - +3 long sword (holy)
rCold    . . .     Gourm    .   (no shield)
rNeg     . . .     Faith    .   g - +0 chain mail
rPois    .         Spirit   .   (helmet restricted)
rElec    .         Reflect  .   j - +0 cloak
rCorr    +         Harm     .   (no gloves)
MR       .....                  (no boots)
Stlth    ..........             (no amulet)
HPRegen  0.14/turn              m - ring of resist corrosion
MPRegen  0.08/turn              (no ring)

@: no status effects
A: retaliatory headbutt, horns 2
a: Heroism, Renounce Religion


You were on level 4 of the Dungeon.
You worshipped Okawaru.
Okawaru was aware of your devotion.
You were not hungry.

You visited 1 branch of the dungeon, and saw 4 of its levels.

You collected 184 gold pieces.

Inventory:

Hand Weapons
 o - a +3 long sword of holy wrath (weapon)
   (You found it on level 2 of the Dungeon)
Missiles
 c - 6 javelins (quivered)
 d - 2 throwing nets {=f, !d}
Armour
 g - a +0 chain mail (worn)
   (You took it off an orc on level 3 of the Dungeon)
 j - a +0 cloak (worn)
   (You found it on level 3 of the Dungeon)
Jewellery
 m - a ring of resist corrosion (left hand)
   (You found it on level 3 of the Dungeon)
Scrolls
 a - 2 scrolls of identify
Potions
 b - 2 potions of magic {unknown}
 e - a potion of heal wounds {unknown}
 h - a potion of degeneration {unknown}
 i - a potion of haste {unknown}
 k - a potion of curing {unknown}
 l - a potion of berserk rage {unknown}
 n - a potion of invisibility
 p - 2 potions of flight {unknown}
 q - a potion of ambrosia {unknown}
Comestibles
 f - 7 rations


   Skills:
 - Level 5.0 Fighting
 - Level 4.0 Throwing
 + Level 2.0 Armour
 + Level 3.0 Dodging
 - Level 0.7 Stealth


You had 3 spell levels left.
You didn't know any spells.
Your spell library was empty.

Dungeon Overview and Level Annotations

Branches:
Dungeon (4/15)
 Temple: D:4-7

Altars:
Cheibriados
Okawaru


Innate Abilities, Weirdness & Mutations

You reflexively headbutt those who attack you in melee.
You have a pair of horns on your head.


Message History

You kill the adder!
Okawaru accepts your kill.
No target in view!
No target in view!
You feel sick.
You feel sick.
You feel sick.
You feel sick.
You feel sick.
You are no longer poisoned.
You open the door.
There is an open door here.
Eating one of 6 chunks of flesh {@w0}.
You eat one of the 6 chunks of flesh {@w0}.
This raw flesh tastes terrible.
You see here a +0 scale mail.
There is a stone staircase leading up here.
You see here a stone.
An adder comes into view.
The adder hisses angrily.
Health restored: 42 Spoiler Alert: The adder is fast and can poison!
An adder is nearby!
You hit the adder. You headbutt the adder!
You kill the adder!
Okawaru accepts your kill.
No target in view!
No target in view!
No target in view!
You see here a stone.
There is a stone staircase leading down here.
There is an open door, spattered with blood here.
Things that are here:
a tomahawk; a +0 short sword You see here a chain mail.
You see here a tomahawk.
Some of the chunks of flesh in your inventory have rotted away.
q - an emerald potion All of the chunks of flesh in your inventory have rotted away.
a - a scroll of identify
a - 2 scrolls of identify (gained 1)
You see here 12 sling bullets.
Things that are here:
a +0 club x2; a kobold skeleton Done exploring.
Done exploring.
Done exploring.
Done exploring.
Done exploring.
(D) Dungeon
Where to? (Enter - D:3, ? - help)
What level of the Dungeon? (default 1, ? - help)
There is a stone staircase leading down here.
You climb downwards. 2 gnolls come into view.
The gnoll shouts! x2; You hear a shout!
Found a robe and 15 gold pieces.
Found a stone staircase leading up.
There is a stone staircase leading up here.
Warning x2: The gnoll can hit for moderate damage in melee, and throws nets! x2
There are monsters nearby!
A gnoll comes into view. It is wielding a +0 halberd.
You see here a robe.
Warning x3: The gnoll can hit for moderate damage in melee, and throws nets! x3
The gnoll hits you from afar with a +0 spear.
Found a stone staircase leading down.
You take 1 damage, and have 41/42 hp.
The gnoll hits you with a +0 halberd!
The gnoll hits you from afar with a +0 halberd!
The gnoll closely misses you.
You take 21 damage, and have 20/42 hp.
MASSIVE DAMAGE!!
Warning x3: The gnoll can hit for moderate damage in melee, and throws nets! x3
You are too injured to fight recklessly!
You are too injured to fight recklessly!
You are too injured to fight recklessly!
You are too injured to fight recklessly!
You are too injured to fight recklessly!
You slash the gnoll! Your headbutt misses the gnoll.
The gnoll is heavily wounded.
The gnoll hits you with a +0 halberd. The gnoll hits you but does no damage.
The gnoll closely misses you. You furiously retaliate!
You headbutt the gnoll.
You riposte.
You hit the gnoll.
The gnoll is almost dead.
You take 1 damage, and have 19/42 hp.
Warning x3: The gnoll can hit for moderate damage in melee, and throws nets! x3
You slash the gnoll!
You kill the gnoll!
Okawaru accepts your kill.
Your Armour skill increases to level 2!
Your Dodging skill increases to level 3!
The gnoll hits you with a +0 halberd.
The gnoll hits you from afar with a +0 halberd.
* * * LOW HITPOINT WARNING * * *
The gnoll hits you but does no damage. x2
You take 7 damage, and have 12/42 hp.
Warning x2: The gnoll can hit for moderate damage in melee, and throws nets! x2
You hit the gnoll.
The gnoll is moderately wounded.
The gnoll hits you with a +0 halberd.
* * * LOW HITPOINT WARNING * * *
The gnoll hits you from afar with a +0 halberd!
You die...

#. ....#
#......#
###..#...#
.#..#...#
.......##
###.#.....#
.###...##....#
......)@.[<..#
..#...g.#....#
#...g.#....#
.......>........
.........#....##
..........$##...
.#..........
.... .......##.#
#.##


You could see 2 gnolls.

Vanquished Creatures
  A gnoll (D:4)
  2 adders (D:3)
  2 worms
  3 dart slugs
  6 orcs (D:3)
  A giant cockroach (D:3)
  7 goblins
  7 hobgoblins
  9 jackals (D:2)
  11 kobolds
  A quokka (D:2)
  2 ball pythons
  5 bats
  3 frilled lizards
  7 rats
67 creatures vanquished.

Notes
Turn   | Place    | Note
-------+----------+-------------------------------------------
     0 | D:1      | Mgcat the Minotaur Hunter began the quest for the Orb.
     0 | D:1      | Reached XP level 1. HP: 18/18 MP: 0/0
   220 | D:1      | Reached skill level 3 in Fighting
   369 | D:1      | Reached XP level 2. HP: 23/26 MP: 1/1
   889 | D:2      | Reached skill level 4 in Fighting
  1013 | D:2      | Reached XP level 3. HP: 33/34 MP: 2/2
  1223 | D:2      | Found a faded altar of an unknown god.
  1229 | D:2      | Became a worshipper of Warmaster Okawaru
  1229 | D:2      | Reached * piety under Okawaru
  1383 | D:2      | Reached skill level 5 in Fighting
  1687 | D:3      | Reached XP level 4. HP: 31/42 MP: 3/3
  1694 | D:3      | Reached skill level 1 in Armour
  1858 | D:3      | Found a snail-covered altar of Cheibriados.
  2174 | D:4      | Reached skill level 2 in Armour
  2174 | D:4      | Reached skill level 3 in Dodging
  2175 | D:4      | HP: 7/42 [gnoll/+0 halberd (5)]
  2175 | D:4      | Slain by a gnoll

Skill      XL: |  1  2  3  4 |
---------------+-------------+-----
Fighting       | 3 4 5 |  5.0
Armour         | 2 |  2.0
Dodging        | 3 |  3.0
Throwing       | |  4.0
Stealth        | |  0.7

Action                   |  1- 3 |  4- 6 || total
-------------------------+-------+-------++-------
Melee: Short sword       |    57 |       ||    57
       Headbutt          |    12 |     6 ||    18
       Long sword        |    39 |    23 ||    62
  Use: Scroll            |     5 |       ||     5
  Eat: Chunk             |     2 |     2 ||     4
Armor: Ring mail         |    19 |       ||    19
       Leather armour    |     1 |       ||     1
       Chain mail        |    16 |    16 ||    32
       Scale mail        |     4 |       ||     4
Dodge: Dodged            |    82 |    15 ||    97
       Rpst.: Long sword |     2 |     5 ||     7

Levels and vault maps discovered:
D:1:      minmay_arrival_four_houses, layout_loops_corners
D:2:      layout_loops_cross, chequers_ecumenical_altar_simple_redux
D:3:      layout_basic, marbit_many_paths, first_ration
D:4:      layout_rooms, nicolae_gozag_zags_fifth_avenue, serial_shops,
          shop_statue

Table legend:
 A = Turns spent in this place as a percentage of turns spent in the entire game.
 B = Non-inter-level travel turns spent in this place as a percentage of non-inter-level travel turns spent in the entire game.
 C = Inter-level travel turns spent in this place as a percentage of turns spent in this place.
 D = Turns resting spent in this place as a percentage of non-inter-level travel turns spent in this place.
 E = Turns spent auto-exploring this place as a percentage of non-inter-level travel turns spent in this place.
 F = Non-inter-level travel turns spent in this place divided by the number of levels of this place that you've seen.
                   A       B       C       D       E      F
               +-------+-------+-------+-------+-------+----------------------
         Total | 100.0 | 100.0 |   5.6 |   0.0 |  82.2 | 513.2
       Dungeon | 100.0 | 100.0 |   5.6 |   0.0 |  82.2 | 513.2
               +-------+-------+-------+-------+-------+----------------------

Table legend:
 A = Kills in this place as a percentage of kills in entire the game.
 B = Kills by you in this place as a percentage of kills by you in the entire game.
 C = Kills by friends in this place as a percentage of kills by friends in the entire game.
 D = Other kills in this place as a percentage of other kills in the entire game.
 E = Experience gained in this place as a percentage of experience gained in the entire game.
 F = Experience gained in this place divided by the number of levels of this place that you have seen.
                   A       B       C       D       E      F
               +-------+-------+-------+-------+-------+----------------------
         Total | 100.0 | 100.0 |   N/A |   N/A | 100.0 |  41.2
       Dungeon | 100.0 | 100.0 |   N/A |   N/A | 100.0 |  41.2
               +-------+-------+-------+-------+-------+----------------------
